PL
NORTHERN VIRGINIA RETRIEVERS @ OAKLAND OAKS
05/22/2025
 
TOP OF THE 1ST
Northern Virginia Retrievers batting - Pitching for Oakland Oaks : LHP José Reyna
Pitching: LHP José Reyna
Batting: LHB Roberto Salazar 0-0: Ball
1-0: Swinging Strike
1-1: Ball
2-1: Called Strike
2-2: Strikes out swinging
Batting: RHB Bob Heller 0-0: Ground out 5-3 (Groundball, 56)
Batting: LHB Chad Armstrong 0-0: Ball
1-0: Called Strike
1-1: Ball
2-1: Ball
3-1: Called Strike
3-2: Foul Ball, location: 2F
3-2: Fly out, F6 (Line Drive, 6M)
Top of the 1st over - 0 run(s), 0 hit(s), 0 error(s), 0 left on base; Northern Virginia 0 - Oakland 0
BOTTOM OF THE 1ST
Oakland Oaks batting - Pitching for Northern Virginia Retrievers : RHP Javier Mora
Pitching: RHP Javier Mora
Batting: LHB Todd Williams 0-0: Called Strike
0-1: Ball
1-1: Ball
2-1: Foul Ball, location: 2F
2-2: Strikes out looking
Batting: LHB Jorge Vargas 0-0: Ball
1-0: Called Strike
1-1: Swinging Strike
1-2: Strikes out swinging
Batting: LHB Edwin Church 0-0: Ball
1-0: Fly out, F9 (Flyball, 9S)
Bottom of the 1st over - 0 run(s), 0 hit(s), 0 error(s), 0 left on base; Northern Virginia 0 - Oakland 0
TOP OF THE 2ND
Northern Virginia Retrievers batting - Pitching for Oakland Oaks : LHP José Reyna
Batting: RHB Teruo Nakayama 0-0: Foul Ball, location: 2F
0-1: Swinging Strike
0-2: Strikes out swinging
Batting: RHB Mike Lyon 0-0: Ball
1-0: Ball
2-0: Called Strike
2-1: Called Strike
2-2: Ground out 4-3 (Groundball, 4)
Batting: SHB Ramiro Salazar 0-0: Ball
1-0: Ball
2-0: Foul Ball, location: 2F
2-1: Ball
3-1: Swinging Strike
3-2: Foul Ball, location: 2F
3-2: Strikes out swinging
Top of the 2nd over - 0 run(s), 0 hit(s), 0 error(s), 0 left on base; Northern Virginia 0 - Oakland 0
BOTTOM OF THE 2ND
Oakland Oaks batting - Pitching for Northern Virginia Retrievers : RHP Javier Mora
Batting: LHB Mal Wadley 0-0: Foul Ball, location: 2F
0-1: DOUBLE (Line Drive, 8RXD)
Batting: LHB Todd Henry 0-0: Swinging Strike
0-1: Foul Ball, location: 2F
0-2: Strikes out swinging
Batting: RHB Micah Coffey 0-0: Ball
1-0: Called Strike
1-1: DOUBLE (Line Drive, 78D)
Mal Wadley scores
Batting: LHB Ron Frazier 0-0: Ball
1-0: Ball
2-0: Ball
3-0: Called Strike
3-1: Base on Balls
Batting: LHB Jesús Quintanilla 0-0: SINGLE (Groundball, 34D)
Micah Coffey to third
Ron Frazier to second
Runner from 3rd tries for Home, SAFE, throw made home
Batting: SHB John Allen 0-0: Ball
1-0: Ball
2-0: SINGLE (Groundball, 34D)
Ron Frazier to third
Jesús Quintanilla to second
Runner from 3rd tries for Home, throw and OUT!
Jesús Quintanilla to third
John Allen to second
Batting: LHB Todd Williams 0-0: Ball
1-0: Ball
2-0: Foul Ball, location: 2F
2-1: SINGLE (Line Drive, 34D)
Jesús Quintanilla scores
John Allen to third
Batting: LHB Jorge Vargas 0-0: Called Strike
Todd Williams steals 2nd base
0-1: 3-RUN HOME RUN (Flyball, 89XD), Distance : 421 ft
Batting: LHB Edwin Church 0-0: Ball
1-0: Ball
2-0: Ball
3-0: SOLO HOME RUN (Line Drive, 89XD), Distance : 415 ft
Batting: LHB Mal Wadley 0-0: Called Strike
0-1: Ball
1-1: Ball
2-1: Ball
3-1: Foul Ball, location: 2F
3-2: Base on Balls
Batting: LHB Todd Henry 0-0: Called Strike
0-1: Ball
1-1: Ball
2-1: Ball
3-1: Called Strike
3-2: Strikes out swinging
Bottom of the 2nd over - 7 run(s), 7 hit(s), 0 error(s), 1 left on base; Northern Virginia 0 - Oakland 7
TOP OF THE 3RD
Northern Virginia Retrievers batting - Pitching for Oakland Oaks : LHP José Reyna
Batting: LHB Francisco Ornelas 0-0: Called Strike
0-1: Swinging Strike
0-2: Ball
1-2: SINGLE (Line Drive, 56D)
Batting: RHB Joaquín Parra 0-0: Called Strike
0-1: Ball
1-1: Foul Ball, location: 2F
1-2: Grounds into double play, 5-4-3 (Groundball, 56)
Batting: RHB Eddie O'Bryan 0-0: Swinging Strike
0-1: Ball
1-1: Foul Ball, location: 2F
1-2: Foul Ball, location: 2F
1-2: Ball
2-2: Foul Ball, location: 2F
2-2: Ball
3-2: Strikes out looking
Top of the 3rd over - 0 run(s), 1 hit(s), 0 error(s), 0 left on base; Northern Virginia 0 - Oakland 7
BOTTOM OF THE 3RD
Oakland Oaks batting - Pitching for Northern Virginia Retrievers : RHP Javier Mora
Batting: RHB Micah Coffey 0-0: Foul Ball, location: 2F
0-1: Ball
1-1: Foul Ball, location: 2F
1-2: Foul Ball, location: 2F
1-2: Ball
2-2: Strikes out swinging
Batting: LHB Ron Frazier 0-0: Ball
1-0: Foul Ball, location: 2F
1-1: Called Strike
1-2: Strikes out swinging
Batting: LHB Jesús Quintanilla 0-0: Fly out, F8 (Flyball, 8LM)
Bottom of the 3rd over - 0 run(s), 0 hit(s), 0 error(s), 0 left on base; Northern Virginia 0 - Oakland 7
TOP OF THE 4TH
Northern Virginia Retrievers batting - Pitching for Oakland Oaks : LHP José Reyna
Batting: LHB Roberto Salazar 0-0: Ball
1-0: Ball
2-0: Foul Ball, location: 2F
2-1: SINGLE (Groundball, 56D)
Batting: RHB Bob Heller 0-0: Called Strike
0-1: Ball
1-1: Ball
2-1: SINGLE (Line Drive, 56)
Roberto Salazar to second
Batting: LHB Chad Armstrong 0-0: Ball
1-0: Ball
2-0: Called Strike
2-1: Foul Ball, location: 2F
2-2: Strikes out swinging
Batting: RHB Teruo Nakayama 0-0: Swinging Strike
0-1: Fly out, F7 (Flyball, 7)
Batting: RHB Mike Lyon 0-0: Called Strike
0-1: Ball
1-1: Fielders Choice at 2nd, U6 (Groundball, 6M)
Top of the 4th over - 0 run(s), 2 hit(s), 0 error(s), 2 left on base; Northern Virginia 0 - Oakland 7
BOTTOM OF THE 4TH
Oakland Oaks batting - Pitching for Northern Virginia Retrievers : RHP Javier Mora
Batting: SHB John Allen 0-0: Ball
1-0: Ground out U3 (Groundball, 3)
Batting: LHB Todd Williams 0-0: Ball
1-0: Ball
2-0: Ball
3-0: Base on Balls
Batting: LHB Jorge Vargas 0-0: Ball
1-0: Ball
2-0: SINGLE (Line Drive, 34)
Todd Williams to second
Runner from 2nd tries for 3rd, SAFE, no throw
Batting: LHB Edwin Church 0-0: Foul Ball, location: 2F
0-1: SINGLE (Groundball, 4S) (infield hit)
Todd Williams scores
Jorge Vargas to second
Pitching: RHP Logan Gregory
Batting: LHB Mal Wadley 0-0: Called Strike
0-1: Grounds into double play, 4-6-3 (Groundball, 4)
Bottom of the 4th over - 1 run(s), 2 hit(s), 0 error(s), 1 left on base; Northern Virginia 0 - Oakland 8
TOP OF THE 5TH
Northern Virginia Retrievers batting - Pitching for Oakland Oaks : LHP José Reyna
Batting: SHB Ramiro Salazar 0-0: Ball
1-0: Ball
2-0: Foul Ball, location: 2F
2-1: Ball
3-1: Base on Balls
Batting: LHB Francisco Ornelas 0-0: Called Strike
0-1: Ball
1-1: Foul Ball, location: 2F
1-2: Strikes out swinging
Batting: RHB Joaquín Parra 0-0: Ball
1-0: Ball
2-0: Called Strike
2-1: Grounds into double play, 4-6-3 (Groundball, 4)
Top of the 5th over - 0 run(s), 0 hit(s), 0 error(s), 0 left on base; Northern Virginia 0 - Oakland 8
BOTTOM OF THE 5TH
Oakland Oaks batting - Pitching for Northern Virginia Retrievers : RHP Logan Gregory
Batting: LHB Todd Henry 0-0: Ball
1-0: Ground out 4-3 (Groundball, 4)
Batting: RHB Micah Coffey 0-0: Called Strike
0-1: Reached on error, E9 (Flyball, 9S)
Batting: LHB Ron Frazier 0-0: Called Strike
0-1: Called Strike
0-2: Ball
1-2: Ball
2-2: Ball
3-2: Fielders Choice at 2nd, 4-6 (Groundball, 34)
Batting: LHB Jesús Quintanilla 0-0: Ball
1-0: Called Strike
1-1: Ball
2-1: Ball
3-1: Foul Ball, location: 2F
3-2: DOUBLE (Groundball, 5L)
Ron Frazier to third
Ron Frazier scores
Batting: SHB John Allen 0-0: Ball
1-0: Ball
2-0: Called Strike
2-1: SINGLE (Flyball, 8LS)
Jesús Quintanilla to third
Runner from 3rd tries for Home, SAFE, no throw
Batting: LHB Todd Williams 0-0: Ball
1-0: Fly out, F8 (Flyball, 8LM)
Bottom of the 5th over - 2 run(s), 2 hit(s), 1 error(s), 1 left on base; Northern Virginia 0 - Oakland 10
TOP OF THE 6TH
Northern Virginia Retrievers batting - Pitching for Oakland Oaks : LHP José Reyna
Batting: RHB Eddie O'Bryan 0-0: Ball
1-0: Foul Ball, location: 2F
1-1: Foul Ball, location: 2F
1-2: Ball
2-2: Strikes out swinging
Batting: LHB Roberto Salazar 0-0: Ball
1-0: Foul Ball, location: 2F
1-1: Foul Ball, location: 2F
1-2: Ball
2-2: Fly out, F8 (Flyball, 8LS)
Batting: RHB Bob Heller 0-0: Ball
1-0: Foul Ball, location: 2F
1-1: Reached on error, E6 (Groundball, 56)
Batting: LHB Chad Armstrong 0-0: SINGLE (Groundball, 4MD)
Bob Heller to second
Batting: RHB Teruo Nakayama 0-0: Ball
1-0: Foul Ball, location: 2F
1-1: Ball
2-1: Swinging Strike
2-2: Ball
3-2: Foul Ball, location: 2F
3-2: Fly out, F9 (Flyball, 9S)
Top of the 6th over - 0 run(s), 1 hit(s), 1 error(s), 2 left on base; Northern Virginia 0 - Oakland 10
BOTTOM OF THE 6TH
Oakland Oaks batting - Pitching for Northern Virginia Retrievers : RHP Logan Gregory
Batting: LHB Jorge Vargas 0-0: Ball
1-0: Called Strike
1-1: SOLO HOME RUN (Flyball, 9LD), Distance : 351 ft
Batting: LHB Edwin Church 0-0: Ball
1-0: Ball
2-0: Called Strike
2-1: Foul Ball, location: 2F
2-2: Ground out 3-1 (Groundball, 34)
Batting: LHB Mal Wadley 0-0: SOLO HOME RUN (Flyball, 9LD), Distance : 352 ft
Batting: LHB Todd Henry 0-0: Called Strike
0-1: Ball
1-1: Fly out, F3 (Popup, 3D)
Batting: RHB Micah Coffey 0-0: Ball
1-0: Called Strike
1-1: Called Strike
1-2: Fly out, F7 (Line Drive, 78D)
Bottom of the 6th over - 2 run(s), 2 hit(s), 0 error(s), 0 left on base; Northern Virginia 0 - Oakland 12
TOP OF THE 7TH
Northern Virginia Retrievers batting - Pitching for Oakland Oaks : LHP José Reyna
Batting: RHB Mike Lyon 0-0: Called Strike
0-1: Ball
1-1: Swinging Strike
1-2: Strikes out looking
Batting: SHB Ramiro Salazar 0-0: Called Strike
0-1: Swinging Strike
0-2: Strikes out swinging
Batting: LHB Francisco Ornelas 0-0: Ball
1-0: Foul Ball, location: 2F
1-1: Foul Ball, location: 2F
1-2: Strikes out swinging
Top of the 7th over - 0 run(s), 0 hit(s), 0 error(s), 0 left on base; Northern Virginia 0 - Oakland 12
BOTTOM OF THE 7TH
Oakland Oaks batting - Pitching for Northern Virginia Retrievers : RHP Logan Gregory
Batting: LHB Ron Frazier 0-0: Foul Ball, location: 2F
0-1: Swinging Strike
0-2: Strikes out swinging
Batting: LHB Jesús Quintanilla 0-0: Called Strike
0-1: Foul Ball, location: 2F
0-2: Ball
1-2: Ball
2-2: Foul Ball, location: 2F
2-2: Ground out 4-3 (Groundball, 4)
Batting: SHB John Allen 0-0: Ball
1-0: Called Strike
1-1: Swinging Strike
1-2: Fly out, F8 (Flyball, 8LD)
Bottom of the 7th over - 0 run(s), 0 hit(s), 0 error(s), 0 left on base; Northern Virginia 0 - Oakland 12
TOP OF THE 8TH
Northern Virginia Retrievers batting - Pitching for Oakland Oaks : LHP José Reyna
Batting: RHB Joaquín Parra 0-0: Foul Ball, location: 2F
0-1: Ground out 3-1 (Groundball, 34S)
Batting: RHB Eddie O'Bryan 0-0: Ball
1-0: Called Strike
1-1: Ball
2-1: DOUBLE (Line Drive, 7LM)
Pitching: RHP Júlio Saldaña
Batting: LHB Roberto Salazar 0-0: Ball
1-0: Called Strike
1-1: Ground out 3-1 (Groundball, 34)
Eddie O'Bryan to third
Batting: RHB Bob Heller 0-0: Called Strike
0-1: Called Strike
0-2: Ball
1-2: Foul Ball, location: 2F
1-2: Foul Ball, location: 2F
1-2: Foul Ball, location: 2F
1-2: Ball
2-2: Ball
3-2: Foul Ball, location: 2F
3-2: Foul Ball, location: 2F
3-2: Foul Ball, location: 2F
3-2: Fly out, F8 (Flyball, 8RM)
Top of the 8th over - 0 run(s), 1 hit(s), 0 error(s), 1 left on base; Northern Virginia 0 - Oakland 12
BOTTOM OF THE 8TH
Oakland Oaks batting - Pitching for Northern Virginia Retrievers : RHP Logan Gregory
Batting: LHB Todd Williams 0-0: Ball
1-0: Swinging Strike
1-1: Ball
2-1: Swinging Strike
2-2: Ball
3-2: Strikes out swinging
Batting: LHB Jorge Vargas 0-0: SINGLE (Flyball, 8RM)
Batting: LHB Edwin Church 0-0: Swinging Strike
0-1: Ball
1-1: Fly out, F4 (Popup, 4D)
Batting: LHB Mal Wadley 0-0: Ball
1-0: Ball
2-0: Called Strike
2-1: Ball
3-1: Base on Balls
Jorge Vargas to second
Batting: LHB Todd Henry 0-0: Swinging Strike
0-1: Ball
1-1: Fly out, F8 (Flyball, 78D)
Bottom of the 8th over - 0 run(s), 1 hit(s), 0 error(s), 2 left on base; Northern Virginia 0 - Oakland 12
TOP OF THE 9TH
Northern Virginia Retrievers batting - Pitching for Oakland Oaks : RHP Júlio Saldaña
Batting: LHB Chad Armstrong 0-0: Foul Ball, location: 2F
0-1: Swinging Strike
0-2: Foul Ball, location: 2F
0-2: Ball
1-2: Strikes out swinging
Batting: RHB Teruo Nakayama 0-0: Ball
1-0: Swinging Strike
1-1: Ball
2-1: Foul Ball, location: 2F
2-2: Ball
3-2: Foul Ball, location: 2F
3-2: Strikes out looking
Batting: RHB Mike Lyon 0-0: Called Strike
0-1: Ball
1-1: Called Strike
1-2: Ground out 6-3 (Groundball, 56)
Top of the 9th over - 0 run(s), 0 hit(s), 0 error(s), 0 left on base; Northern Virginia 0 - Oakland 12
Friday, December 30th, 2016 - OOTP Baseball 17.12 Build 75